 Dungeon Crawl Stone Soup version 0.31-a0-165-g3f4f80340b (webtiles) character file.

Game seed: 2965671843385139140

1101 qw the Chopper (level 8, -6/49 HPs)
             Began as a Gargoyle Fighter on June 13, 2023.
             Engulfed by a steam dragon's steam (9 damage)
             ... on level 5 of the Dungeon.
             The game lasted 00:01:39 (3491 turns).

qw the Chopper (Gargoyle Fighter)                   Turns: 3491, Time: 00:01:39

Health: -6/49      AC: 17    Str: 22    XL:     8   Next: 32%
Magic:  8/8        EV:  6    Int:  9    God:
Gold:   187        SH:  4    Dex:  9    Spells: 7/7 levels left

rFire   . . .        Y - +3 war axe
rCold   . . .        c - +0 buckler
rNeg    + + .        q - +0 plate armour {rN+}
rPois   inf          (no helmet)
rElec   +            (no cloak)
rCorr   .            (no gloves)
SInv    .            (no boots)
Will    .....        (no amulet) Stlth
                     (no ring)
HPRegen 0.28/turn    (no ring)
MPRegen 0.11/turn

%: no passive effects
@: about to teleport
A: sickness immunity, AC +5, negative energy resistance 1, electricity
resistance, torment resistance 1, petrification resistance
a: no special abilities


You were on level 5 of the Dungeon.
You visited 1 branch of the dungeon, and saw 5 of its levels.

You collected 229 gold pieces.
You spent 42 gold pieces at shops.


Innate Abilities, Weirdness & Mutations

You are immune to sickness and miasma.
Your stone body is resilient. (AC +5)
You are immune to poison.
You resist negative energy. (rN+)
You are resistant to electric shocks. (rElec)
You are resistant to unholy torment.
You are immune to petrification.


   Skills:
 - Level 5.1 Fighting
 + Level 7.5 Axes
 - Level 2.0 Throwing
 - Level 4.0 Armour
 - Level 1.1 Dodging
 - Level 3.2 Shields


You had 7 spell levels left.
You didn't know any spells.
Your spell library was empty.

Inventory:

Hand Weapons
 b - a +0 flail of holy wrath
 Y - a +3 war axe (weapon)
Missiles
 k - 7 boomerangs
 n - 3 javelins (quivered)
Armour
 c - a +0 buckler (worn)
 q - a +0 plate armour of positive energy (worn)
Jewellery
 i - a ring of protection from fire
Scrolls
 e - a scroll of identify {unknown}
 m - 2 scrolls of teleportation
Potions
 a - 2 potions of invisibility {unknown}
 d - 2 potions of might
 f - a potion of degeneration {unknown}
 g - 5 potions of curing
 h - a potion of berserk rage {unknown}
 j - 2 potions of lignification {unknown}
 o - a potion of brilliance {unknown}
 p - a potion of attraction {unknown}

Dungeon Overview and Level Annotations

Branches:
Dungeon (5/15)
 Temple: D:4-7

Altars:
Qazlal

Shops:
D:1 :   D:2 !

Annotations:
D:4 2 transporters


Message History

You hit the steam dragon.
The steam dragon is moderately wounded.
You block the steam dragon's attack. The steam dragon claws you.
You hit the steam dragon.
The steam dragon is moderately wounded.
The steam dragon breathes steam at you.
The ball of steam hits you but does no damage.
You barely miss the steam dragon.
The steam dragon is moderately wounded.
You are engulfed in a cloud of scalding steam.
The steam dragon bites you but does no damage.
The steam dragon claws you.
You hit the steam dragon but do no damage.
The steam dragon is moderately wounded.
You are engulfed in a cloud of scalding steam.
The steam dragon bites you but does no damage.
The steam dragon claws you but does no damage.
You block the steam dragon's attack. The steam dragon closely misses you.
You slash the steam dragon!
The steam dragon is severely wounded.
The steam dragon breathes steam at you. The ball of steam hits you!!
3488 ||| READING 3 scrolls of teleportation.
As you read the scroll of teleportation, it crumbles to dust.
You feel strangely unstable.
The steam dragon bites you but does no damage.
The steam dragon claws you but does no damage.
You slash the steam dragon!
The steam dragon is almost dead.
The steam dragon bites you but does no damage.
The steam dragon claws you but does no damage.
You closely miss the steam dragon.
The steam dragon is almost dead.
The steam dragon breathes steam at you. The ball of steam hits you!
You hear a shout!
You barely miss the steam dragon.
The steam dragon is almost dead.
You are engulfed in a cloud of scalding steam.
You die...

#.# #.#
#.# #.#
#># #.#
#.# #
#.##.#
#ยค@D.#
######


You could see a steam dragon.

Vanquished Creatures
  Grinder (D:4)
  Edmund (D:4)
  A water moccasin (D:4)
  Blork the orc (D:5)
  2 scorpions (D:4)
  A howler monkey (D:5)
  2 jellies (D:4)
  A hound (D:5)
  An orc priest (D:3)
  4 iguanas
  Jessica (D:2)
  Terence (D:3)
  An orc wizard (D:3)
  5 adders
  2 ufetubi
  A worm (D:2)
  2 dart slugs (D:2)
  13 orcs
  6 ball pythons
  6 endoplasms
  3 giant cockroaches
  7 goblins
  7 hobgoblins
  2 jackals (D:3)
  3 kobolds
  4 quokkas
  2 bats (D:3)
  3 frilled lizards
  5 rats
89 creatures vanquished.

Notes
Turn   | Place    | Note
-------+----------+-------------------------------------------
     0 | D:1      | qw the Gargoyle Fighter began the quest for the Orb.
     0 | D:1      | Reached XP level 1. HP: 14/14 MP: 1/1
     0 | D:1      | 0 ||| qw: Version: 0.2-a-29-gc1b59c4
     0 | D:1      | 0 ||| qw: Game counter: 4699
     0 | D:1      | 0 ||| qw: Always use a shield: true
     0 | D:1      | 0 ||| qw: God list: Okawaru
     0 | D:1      | 0 ||| qw: Allow faded altars: false
     0 | D:1      | 0 ||| qw: Do Orc after D:15 true
     0 | D:1      | 0 ||| qw: Do second Lair branch before Depths: true
     0 | D:1      | 0 ||| qw: Lair rune preference: random
     0 | D:1      | 0 ||| qw: Plans: Normal, Zot:1-4, Slime:5, God:TSO, Crypt,
                  | Tomb, Abyss, Pan, Hells, Win
     0 | D:1      | 0 ||| PLANNING D:1-11
   167 | D:1      | Reached skill level 2 in Axes
   434 | D:1      | Found Wuddith's Vocational Training.
   626 | D:1      | 626 ||| READING scroll labelled ETASY KAUDA.
   629 | D:1      | 629 ||| READING scroll labelled JUAROY WAANN.
   668 | D:2      | Reached XP level 2. HP: 19/19 MP: 2/2
   707 | D:2      | 707 ||| Stepping ~*~*~tactically~*~*~ (stealth).
   709 | D:2      | 709 ||| Stepping ~*~*~tactically~*~*~ (stealth).
   829 | D:2      | Noticed Jessica
   839 | D:2      | Killed Jessica
   840 | D:2      | Reached skill level 3 in Axes
   840 | D:2      | Reached XP level 3. HP: 15/23 MP: 3/3
   892 | D:2      | 892 ||| Stepping ~*~*~tactically~*~*~ (stealth).
   910 | D:2      | 910 ||| Stepping ~*~*~tactically~*~*~ (stealth).
   912 | D:2      | 912 ||| Stepping ~*~*~tactically~*~*~ (stealth).
   976 | D:2      | 976 ||| Stepping ~*~*~tactically~*~*~ (stealth).
  1098 | D:2      | Found Lops's Distillery.
  1117 | D:2      | 1117 ||| BUYING potion of curing (42 gold).
  1117 | D:2      | Bought a potion of curing for 42 gold pieces
  1117 | D:2      | 1117 ||| SHOPLISTING potion of haste (140 gold, have 28).
  1117 | D:2      | 1117 ||| SHOPLISTING potion of heal wounds (70 gold, have
                  | 28).
  1117 | D:2      | 1117 ||| SHOPLISTING potion of magic (112 gold, have 28).
  1117 | D:2      | 1117 ||| SHOPLISTING potion of might (56 gold, have 28).
  1222 | D:2      | Reached XP level 4. HP: 28/28 MP: 4/4
  1455 | D:2      | 1455 ||| READING scroll labelled USULLE FUGIW.
  1456 | D:2      | 1456 ||| READING scroll labelled WIAFFO KISTU.
  1639 | D:3      | Reached skill level 4 in Axes
  1696 | D:3      | Noticed Terence
  1703 | D:3      | Killed Terence
  1704 | D:3      | Reached skill level 1 in Throwing
  1839 | D:3      | Reached XP level 5. HP: 29/32 MP: 5/5
  2022 | D:3      | 2022 ||| Stepping ~*~*~tactically~*~*~ (stealth).
  2121 | D:3      | Reached skill level 5 in Axes
  2191 | D:3      | 2191 ||| UPGRADING to +0 chain mail.
  2201 | D:3      | 2201 ||| DROPPING +0 scale mail.
  2202 | D:3      | 2202 ||| UPGRADING to +0 plate armour of positive energy.
  2212 | D:3      | 2212 ||| DROPPING +0 chain mail.
  2213 | D:3      | 2213 ||| READING scroll labelled VUMNYF BIHUMN.
  2214 | D:3      | 2214 ||| READING 3 scrolls labelled UCIWURGHA ESYO.
  2215 | D:3      | 2215 ||| READING 2 scrolls of enchant weapon.
  2215 | D:3      | 2215 ||| ENCHANTING +1 war axe.
  2216 | D:3      | 2216 ||| READING scroll of enchant weapon.
  2216 | D:3      | 2216 ||| ENCHANTING +2 war axe.
  2217 | D:3      | 2217 ||| DRINKING 2 clear potions.
  2218 | D:3      | 2218 ||| DROPPING potion of enlightenment.
  2237 | D:4      | Reached XP level 6. HP: 38/38 MP: 6/6
  2406 | D:4      | Noticed Edmund
  2417 | D:4      | Killed Edmund
  2418 | D:4      | Reached skill level 6 in Axes
  2418 | D:4      | Reached XP level 7. HP: 33/43 MP: 7/7
  2456 | D:4      | 2456 ||| DROPPING +0 whip.
  2470 | D:4      | Found a transporter.
  2471 | D:4      | Identified the +1 spear of Sewiat {pain, rF+}
  2540 | D:4      | Found a transporter.
  2581 | D:4      | Noticed Grinder
  2586 | D:4      | 2586 ||| Stepping ~*~*~tactically~*~*~ (hiding).
  2588 | D:4      | 2588 ||| Stepping ~*~*~tactically~*~*~ (hiding).
  2600 | D:4      | 2600 ||| FLEEEEING.
  2601 | D:4      | 2601 ||| FLEEEEING.
  2602 | D:4      | 2602 ||| FLEEEEING.
  2603 | D:4      | 2603 ||| FLEEEEING.
  2606 | D:4      | Killed Grinder
  2607 | D:4      | Reached skill level 7 in Axes
  2618 | D:4      | 2618 ||| Stepping ~*~*~tactically~*~*~ (stealth).
  2678 | D:5      | Entered Level 5 of the Dungeon
  2686 | D:5      | 2686 ||| STAIRDANCE
  2690 | D:4      | Reached XP level 8. HP: 42/49 MP: 8/8
  2779 | D:5      | Reached skill level 1 in Dodging
  3107 | D:5      | Noticed Blork the orc
  3119 | D:5      | Killed Blork the orc
  3443 | D:5      | Found a stormy altar of Qazlal.
  3445 | D:5      | Noticed an air elemental
  3446 | D:5      | Noticed a water elemental
  3487 | D:5      | HP: 9/49 [steam dragon/ball of steam (24)]
  3488 | D:5      | 3488 ||| READING 3 scrolls of teleportation.
  3490 | D:5      | HP: 3/49 [steam dragon/ball of steam (7)]
  3491 | D:5      | Engulfed by a steam dragon's steam

Levels and vault maps discovered:
D:1:      eino_arrival_druids_welcome, layout_basic, nicolae_shop_vocational
D:2:      layout_loops_ring, serial_shops, nicolae_diamond_shop, fountainhead,
          uniq_jessica
D:3:      minmay_octagon_keep, layout_basic, uniq_terence
D:4:      layout_gridville, gammafunk_ghost_gnarly_gnolls, uniq_grinder,
          uniq_edmund
D:5:      layout_basic, nicolae_qazlal_style_of_elements,
          chequers_serial_rivers_marsh, uniq_blork_the_orc

Skill      XL: |  1  2  3  4  5  6  7  8 |
---------------+-------------------------+-----
Axes           | 2 3 4 5 6 7 |  7.5
Throwing       | 1 2 |  2.0
Fighting       | 4 5 |  5.1
Dodging        | 1 |  1.1
Armour         | 4 |  4.0
Shields        | |  3.2

Action                     |  1- 3 |  4- 6 |  7- 9 || total
---------------------------+-------+-------+-------++-------
  Melee: War axe           |    76 |   118 |    63 ||   257
  Throw: Boomerang         |       |    14 |     2 ||    16
         Javelin           |       |    27 |    22 ||    49
    Use: Scroll            |     2 |     6 |     1 ||     9
         Potion            |       |     1 |       ||     1
 Armour: Scale mail        |    36 |    49 |       ||    85
         Plate armour      |       |    18 |    48 ||    66
  Dodge: Dodged            |    23 |    52 |    23 ||    98
  Block: Buckler           |    11 |    24 |    16 ||    51

Table legend:
 A = Non-vault XP
 B = Vault XP
 C = Vault XP percentage of total XP
 D = Non-vault monster count
 E = Vault monster count
 F = Vault count percentage of total count
                 A         B        C        D         E       F
            +---------+---------+-------+---------+---------+-------
      Total |     923 |     651 |  41.4 |      74 |      15 |  16.9
            +---------+---------+-------+---------+---------+-------
        D:1 |       6 |       0 |   0.0 |       4 |       0 |   0.0
        D:2 |      47 |      37 |  44.0 |      22 |       1 |   4.3
        D:3 |     121 |      64 |  34.6 |      23 |      11 |  32.4
        D:4 |     476 |     459 |  49.1 |      13 |       2 |  13.3
        D:5 |     273 |      91 |  25.0 |      12 |       1 |   7.7
            +---------+---------+-------+---------+---------+-------
